 Dungeon Crawl Stone Soup version 0.29-a0-350-g7790a0e70a (webtiles) character file.

Game seed: 861777747019741336

1386 zishaf the Sneak (level 8, -3/42 HPs)
             Began as a Vine Stalker Brigand on Apr 22, 2022.
             Was a Believer of Uskayaw.
             Slain by an orc warrior
             ... wielding a +0 glaive
              (13 damage)
             ... on level 6 of the Dungeon.
             The game lasted 00:06:51 (3884 turns).

zishaf the Sneak (Vine Stalker Brigand)             Turns: 3884, Time: 00:06:52

Health: -3/42      AC:  8    Str: 13    XL:     8   Next: 67%
Magic:  0/20       EV: 10    Int: 11    God:    Uskayaw [**....]
Gold:   183        SH:  6    Dex: 19    Spells: 7/7 levels left

rFire   . . .      SeeInvis .   a - +3 dagger (drain)
rCold   . . .      Faith    .   p - +0 buckler
rNeg    . . .      Spirit   +   f - +0 ring mail
rPois   .          Reflect  .   (no helmet)
rElec   .          Harm     .   u - +1 cloak {Stlth+}
rCorr   .          Rampage  .   v - +0 pair of gloves
Will    +....                   (no boots)
Stlth   ++++......              j - amulet of the acrobat
HPRegen 0.94/turn               g - +4 ring of slaying
MPRegen 0.17/turn               i - ring of magical power

@: no status effects
A: fangs 3, regeneration 1, magic shield, antimagic bite, no potion heal 2
a: Renounce Religion, Stomp, Line Pass


You were on level 6 of the Dungeon.
You worshipped Uskayaw.
Uskayaw was noncommittal.
You visited 2 branches of the dungeon, and saw 7 of its levels.

You collected 183 gold pieces.

Inventory:

Hand Weapons
 a - a +3 dagger of draining (weapon)
 l - a +2 dagger
Missiles
 d - 14 poisoned darts (quivered)
 e - 3 curare-tipped darts
Armour
 f - a +0 ring mail (worn)
 p - a +0 buckler (worn)
 u - a +1 cloak of stealth (worn)
 v - a +0 pair of gloves (worn)
Jewellery
 g - a +4 ring of slaying (left hand)
 i - a ring of magical power (right hand)
 j - an amulet of the acrobat (around neck)
 n - a ring of see invisible
 w - a ring of protection from fire
Scrolls
 h - 3 scrolls of enchant armour
 o - 2 scrolls of blinking
Potions
 b - 4 potions of curing
 c - a potion of ambrosia {unknown}
 k - a potion of mutation
 m - a potion of haste {unknown}
 q - 2 potions of attraction
 r - a potion of magic {unknown}
 s - a potion of flight {unknown}
 t - a potion of cancellation {unknown}
 x - a potion of degeneration {unknown}


   Skills:
 + Level 4.8 Fighting
 + Level 4.8 Short Blades
 - Level 3.0 Throwing
 - Level 0.7 Dodging
 - Level 7.0 Stealth
 - Level 4.0 Shields
 * Level 3.5 Invocations


You had 7 spell levels left.
You didn't know any spells.
Your spell library contained the following spells:

 Spells                   Type           Power      Damage    Failure   Level
 Animate Skeleton         Necr           0%         N/A       71%         1
 Beastly Appendage        Tmut           0%         N/A       71%         1
 Pain                     Necr           0%         1d4       71%         1
 Sandblast                Erth           0%         2d4       71%         1
 Passwall                 Tmut/Erth      0%         N/A       83%         2
 Wereblood                Tmut           0%         N/A       83%         2
 Spider Form              Tmut/Pois      0%         N/A       97%         3
 Stone Arrow              Conj/Erth      0%         3d7       97%         3
 Vampiric Draining        Necr           0%         2d6       97%         3
 Chain Lightning          Conj/Air       0%         N/A       100%        9
 Fire Storm               Conj/Fire      0%         5d1       100%        9
 Shatter                  Erth           0%         3d5*      100%        9


Dungeon Overview and Level Annotations

Branches:
Dungeon (6/15)             Temple (1/1) D:5

Altars:
Elyvilon
Gozag
Nemelex Xobeh
Okawaru
Sif Muna
Uskayaw

Shops:
D:4 !

Annotations:
D:3 2 transporters, zeratav's ghost, weakling DEHu


Innate Abilities, Weirdness & Mutations

You have razor-sharp teeth.
Your natural rate of healing is unusually fast.
When hurt, damage is shared between your health and your magic reserves.
Your bite disrupts and absorbs the magic of your enemies.
Potions cannot restore your health.


Message History

The orc throws a silver boomerang.
You block the silver boomerang. You block the orc's attack.
The orc wizard casts a spell.
The orc wizard flickers and vanishes!
Deactivating autopickup; reactivate with Ctrl-A.
The orc warrior hits you from afar with a +0 glaive!
You see here a +0 trident.
You hit the orc. You bite the orc.
You kill the orc!
Something completely misses you. The orc warrior closely misses you.
You hit the orc warrior but do no damage.
You bite the orc warrior, but do no damage.
The orc hits you but does no damage. Something hits you but does no damage.
The orc warrior hits you but does no damage.
You puncture the orc!
You kill the orc!
You hear some strange, mumbled words.
A puff of flame appears from out of thin air!
The puff of flame misses you.
The orc warrior hits you with a +0 glaive!
You hit something. Something hits you. The orc warrior barely misses you.
You hit something.
You hear some strange, mumbled words.
A magic dart appears from out of thin air!
The magic dart hits you.
The orc warrior hits you with a +0 glaive.
You can now pass through a line of other dancers.
You closely miss something. You bite something. You drain its magic.
You feel invigorated.
You hit something but do no damage. Your bite misses something.
Something hits you.
The orc warrior hits you with a +0 glaive!
You hit something. You bite something. Something hits you.
* * * LOW HITPOINT WARNING * * *
The orc warrior hits you with a +0 glaive.
* * * LOW HITPOINT WARNING * * *
You miss something. Your bite misses something.
Something hits you but does no damage.
The orc warrior hits you with a +0 glaive!
You die...

..
#.............###
..
#......♣.........
#................
#.###.....###...
###..#...#..##..
#...#...#...#
#>.##...##.<# .#
### #....####...#
####.)@.....#
#.){o....#
#.)......#
#........#
.........#
..........#
...........#
.....##+###.#


You could see an orc warrior.

Vanquished Creatures
  A water moccasin (D:5)
  3 centaurs
  A bullfrog (D:4)
  2 scorpions
  3 howler monkeys
  3 hounds
  A jelly (D:5)
  7 orc priests
  2 iguanas (D:5)
  Natasha (D:4)
  5 orc wizards
  2 gnolls (D:5)
  8 adders
  A white imp (D:5)
  A worm (D:3)
  3 dart slugs
  18 orcs
  3 bats
  4 endoplasms
  3 giant cockroaches
  5 goblins
  7 hobgoblins
  10 jackals
  7 kobolds
  2 quokkas
  13 ball pythons
  2 frilled lizards
  5 rats
123 creatures vanquished.

Notes
Turn   | Place    | Note
-------+----------+-------------------------------------------
     0 | D:1      | zishaf the Vine Stalker Brigand began the quest for the
                  | Orb.
     0 | D:1      | Reached XP level 1. HP: 11/11 MP: 2/2
   115 | D:1      | Reached skill level 5 in Stealth
   122 | D:1      | Reached XP level 2. HP: 10/15 MP: 3/3
   349 | D:1      | Found a faded altar of an unknown god.
   362 | D:1      | Reached XP level 3. HP: 18/18 MP: 2/4
  1542 | D:3      | Gained mutation: Your natural rate of healing is unusually
                  | fast. [Vine Stalker growth]
  1542 | D:3      | Reached XP level 4. HP: 23/23 MP: 5/5
  1564 | D:3      | Found a transporter.
  1619 | D:3      | Found a transporter.
  1640 | D:3      | Noticed zeratav's ghost (weakling DEHu)
  1697 | D:3      | Found an opulent altar of Gozag.
  1806 | D:3      | Reached skill level 1 in Shields
  1806 | D:3      | Reached XP level 5. HP: 16/27 MP: 2/6
  1860 | D:3      | Found a white marble altar of Elyvilon.
  1888 | D:3      | Found a sparkling altar of Nemelex Xobeh.
  2063 | D:4      | Reached skill level 6 in Stealth
  2136 | D:4      | Noticed Natasha
  2142 | D:4      | Reached XP level 6. HP: 31/32 MP: 7/7
  2149 | D:4      | Killed Natasha
  2313 | D:4      | Found a shimmering blue altar of Sif Muna.
  2445 | D:4      | Found Zyner's Distillery.
  2755 | D:5      | Entered Level 5 of the Dungeon
  2762 | D:5      | Noticed a water moccasin
  2765 | D:5      | Killed a water moccasin
  2766 | D:5      | Reached XP level 7. HP: 36/36 MP: 8/8
  2839 | D:5      | Reached skill level 7 in Stealth
  3012 | D:5      | Found a staircase to the Ecumenical Temple.
  3028 | Temple   | Entered the Ecumenical Temple
  3034 | Temple   | Became a worshipper of Uskayaw the Reveller
  3048 | D:5      | Reached * piety under Uskayaw
  3145 | D:5      | Reached ** piety under Uskayaw
  3161 | D:5      | Reached skill level 1 in Invocations
  3161 | D:5      | Gained mutation: You have razor-sharp teeth. [Vine Stalker
                  | growth]
  3161 | D:5      | Reached XP level 8. HP: 42/42 MP: 10/10
  3178 | D:5      | Reached *** piety under Uskayaw
  3266 | D:5      | Reached **** piety under Uskayaw
  3272 | D:5      | Reached ***** piety under Uskayaw
  3688 | D:5      | Found an iron altar of Okawaru.
  3884 | D:6      | Slain by an orc warrior

Illustrated notes

Levels and vault maps discovered:
D:1:      minmay_arrival_jagged, layout_rooms,
          hellmonk_ecumenical_altar_arch_garden, serial_park_tiny_1, st_stairs_7
D:2:      layout_loops_ring, minmay_3d_cube
D:3:      layout_rooms, mainiacjoe_overflow_tiny_flanked,
          mainiacjoe_overflow_catch_the_wave, gammafunk_ghost_stat_death
D:4:      layout_basic, nicolae_sif_muna_condensation, serial_shops,
          kennysheep_little_box, uniq_natasha
D:5:      layout_basic, okawaru_altar_gauntlet_db, minmay_temple_entry_offerings
D:6:      layout_basic, grunt_ministairs_6, uniq_pikel
Temple:   dshaligram_water_room_temple

Skill      XL: |  1  2  3  4  5  6  7  8 |
---------------+-------------------------+-----
Stealth        | 5 6 7 |  7.0
Fighting       | 2 3 4 |  4.8
Short Blades   | 2 3 4 |  4.8
Throwing       | 2 3 |  3.0
Shields        | 1 2 3 4 |  4.0
Invocations    | 1 3 |  3.5
Dodging        | |  0.7

Action                   |  1- 3 |  4- 6 |  7- 9 || total
-------------------------+-------+-------+-------++-------
Melee: Dagger            |    77 |    86 |    90 ||   253
       Bite              |    11 |    22 |    34 ||    67
Throw: Dart              |       |     2 |       ||     2
  Use: Scroll            |       |    11 |       ||    11
 Stab: Sleeping          |    11 |     6 |     5 ||    22
       Distracted        |       |     1 |       ||     1
       Paralysed         |       |       |     3 ||     3
Armor: Ring mail         |    24 |    18 |    26 ||    68
Dodge: Dodged            |    43 |    33 |    34 ||   110
Block: Buckler           |     1 |    15 |    18 ||    34

Table legend: (Time is in decaauts)
 A = Elapsed time spent in this place.
 B = Non-inter-level travel time spent in this place.
 C = Inter-level travel time spent in this place.
 D = Time resting spent in this place.
 E = Time spent auto-exploring this place.
 F = Levels seen in this place.
 G = Mean time per level.
                   A        B        C        D        E       F      G
               +--------+--------+--------+--------+--------+-----+--------+
         Total |   3852 |   3618 |    234 |    142 |   2666 |   7 |  550.3 |
       Dungeon |   3839 |   3605 |    234 |    142 |   2666 |   6 |  639.8 |
        Temple |     12 |     12 |      0 |      0 |      0 |   1 |   12.0 |
               +--------+--------+--------+--------+--------+-----+--------+

Top non-repeatable levels by time:
     D:5: 1021 daAuts
     D:4: 798 daAuts
     D:2: 748 daAuts
     D:1: 739 daAuts
     D:3: 449 daAuts
     D:6: 81 daAuts
  Temple: 12 daAuts
